 Dungeon Crawl Stone Soup version 0.27-a0-1136-g0b992a5a9d (webtiles) character file.

Game seed: 10674250237826600430

4 snetch the Chopper (level 1, 0/19 HPs)
             Began as a Hill Orc Monk on May 4, 2021.
             Slain by a gnoll
             ... wielding a +0 whip
              (5 damage)
             ... on level 1 of the Dungeon.
             The game lasted 00:00:44 (71 turns).

snetch the Chopper (Hill Orc Monk)                    Turns: 71, Time: 00:00:45

Health: 0/19       AC:  3    Str: 13    XL:     1   Next: 60%
Magic:  1/1        EV: 12    Int: 10    God:
Gold:   9          SH:  0    Dex: 13    Spells: 0/0 levels left

rFire    . . .     SeeInvis .   a - +0 hand axe
rCold    . . .     Faith    .   (no shield)
rNeg     . . .     Spirit   .   c - +0 leather armour
rPois    .         Reflect  .   (no helmet)
rElec    .         Harm     .   (no cloak)
rCorr    .         Rampage  .   (no gloves)
Will     .....                  (no boots)
Stlth    ++........             (no amulet)
HPRegen  0.06/turn              (no ring)
MPRegen  0.07/turn              (no ring)

@: no status effects
A: no striking features
a: no special abilities


You were on level 1 of the Dungeon.
You visited 1 branch of the dungeon, and saw 1 of its levels.

You collected 9 gold pieces.

Inventory:

Hand Weapons
 a - a +0 hand axe (weapon)
Armour
 c - a +0 leather armour (worn)


   Skills:
 + Level 3.6 Fighting
 + Level 4.2 Axes
 + Level 2.4 Dodging
 + Level 1.7 Stealth


You couldn't memorise any spells.
You didn't know any spells.
Your spell library was empty.

Dungeon Overview and Level Annotations

Branches:
Dungeon (1/15)

Altars:


Message History

The ball python hisses angrily.
Sorry, you're not good enough to have a special ability.
You aren't carrying any potions.
You aren't carrying any potions.
You aren't carrying any scrolls.
You closely miss the gnoll. The gnoll barely misses you.
You barely miss the gnoll. The gnoll hits you with a +0 whip.
You hit the gnoll but do no damage. The gnoll closely misses you.
You hit the gnoll but do no damage. You hit the quokka.
The quokka twitches its whiskers.
The quokka bites you but does no damage.
The gnoll hits you with a +0 whip!
The quokka bites you but does no damage.
You hit the gnoll.
The gnoll is lightly wounded.
You barely miss the quokka.
A bat comes into view.
The gnoll barely misses you. The quokka bites you.
* * * LOW HITPOINT WARNING * * *
Unknown command.
You hit the gnoll.
The gnoll is moderately wounded.
You hit the quokka but do no damage. You hit the ball python.
You kill the ball python!
The gnoll hits you but does no damage. The quokka barely misses you.
Unknown command.
You hit the gnoll.
The gnoll is severely wounded.
You hit the quokka.
You kill the quokka!
The gnoll completely misses you. The bat hits you but does no damage.
Unknown command.
You closely miss the gnoll.
The gnoll is severely wounded.
You hit the bat. The bat barely misses you. The gnoll completely misses you.
Unknown command.
You barely miss the gnoll.
The gnoll is severely wounded.
The bat barely misses you. The gnoll hits you with a +0 whip.
You die...

.......###.....##...
.......†........)...
......#...[....>.#######
.......†......####.....#
.......##....##.....⌠..#
.......##....#.........## .#
.....>...........#......#...
............b..###..........
..........#g@.## #..<..#...
............†..###........#
#................#......#.#
#............#.........##
#S...........##.....⌠..#
#.$...........####.....#
...........#.. #######
#.........##.# .......... .#


You could see a gnoll and a bat.

Vanquished Creatures
  A ball python (D:1)
  A quokka (D:1)
  A frilled lizard (D:1)
  A rat (D:1)
4 creatures vanquished.

Notes
Turn   | Place    | Note
-------+----------+-------------------------------------------
     0 | D:1      | snetch the Hill Orc Monk began the quest for the Orb.
     0 | D:1      | Reached XP level 1. HP: 19/19 MP: 1/1
    71 | D:1      | Slain by a gnoll

Illustrated notes

Levels and vault maps discovered:
D:1:      dpeg_arrival_arbitrary_c, layout_rooms

Action                   || total
-------------------------++-------
Melee: Hand axe          ||    23
Armor: Leather armour    ||     4
       Robe              ||     3
Dodge: Dodged            ||    12

Table legend: (Time is in decaauts)
 A = Elapsed time spent in this place.
 B = Non-inter-level travel time spent in this place.
 C = Inter-level travel time spent in this place.
 D = Time resting spent in this place.
 E = Time spent auto-exploring this place.
 F = Levels seen in this place.
 G = Mean time per level.
                   A        B        C        D        E       F      G
               +--------+--------+--------+--------+--------+-----+--------+
         Total |     73 |     73 |      0 |      0 |     12 |   1 |   73.0 |
       Dungeon |     73 |     73 |      0 |      0 |     12 |   1 |   73.0 |
               +--------+--------+--------+--------+--------+-----+--------+

Top non-repeatable levels by time:
     D:1: 73 daAuts
